AoeStats
← evirbek

Baltic

510525455Analyzed
2v2 RM · 20h ago on Oct 1, 2026· 94m 2s· 4 players
Game mode
Random Map
Map size
Medium (4 player)
Population
200
Speed
Normal
Resources
Standard
Victory
Conquest
Starting age
Dark Age
Ending age
Imperial Age
RankedLock teamsTeams togetherTeam positionsShared explorationLock speedFull tech treeHidden civsTurbo modeCheats
Victory
Defeat
🇹🇷 Dravidians · Türkiye
773
+17
🇹🇷 Gurjaras · Türkiye
772
+17
🇫🇷 Malians · France
796
-17
🇫🇷 Britons · France
794
-17
SOKOMYS
4:35 Loom
6:12 Loom
13:05 Feudal Age
14:46 Double-Bit Axe
15:00 Fishing Lines
16:36 Town Watch
19:52 Castle Age
18:40 Stone Mining
18:57 Gold Mining
28:16 Imperial Age
26:19 Medium Warships
25:30 Demolition Ship
28:45 Wheelbarrow
30:15 Chemistry
30:26 Fortified Wall
32:57 Horse Collar
33:45 Ballistics
34:53 Elite Cannon Galleon
34:54 Heavy Demolition Ship
35:59 Heavy Warships
35:23 Elite Skirmisher
38:02 Forging
37:52 Scale Mail Armor
38:29 Conscription
38:45 Hoardings
39:26 Iron Casting
38:40 Gambesons
38:16 Man-at-Arms
41:11 Padded Archer Armor
42:59 Fletching
43:59 Bodkin Arrow
43:52 Long Swordsman
44:40 Two-Handed Swordsman
47:21 Champion
51:46 Leather Archer Armor
51:32 Bracer
51:48 Chain Mail Armor
52:34 Blast Furnace
54:08 Murder Holes
54:24 Masonry
60:13 Scale Barding Armor
70:55 Onager
88:05 Pikeman
88:45 Squires
88:31 Arson
89:05 Halberdier
93:53 Hand Cart
93:39 Town Patrol
evirbek
10:57 Feudal Age
12:20 Double-Bit Axe
21:45 Castle Age
31:37 Imperial Age
30:17 Gold Mining
30:20 Stone Mining
30:51 Kshatriyas
32:05 Padded Archer Armor
32:48 Ballistics
32:37 Fletching
33:21 Bloodlines
33:11 Husbandry
34:12 Leather Archer Armor
33:52 Bodkin Arrow
37:41 Fishing Lines
40:58 Bracer
40:28 Elite Chakram Thrower
47:33 Gillnets
48:51 Conscription
51:57 Chemistry
55:17 Elite Shrivamsha Rider
75:22 Scale Barding Armor
75:19 Scale Mail Armor
81:46 Chain Mail Armor
81:53 Chain Barding Armor
91:32 Plate Barding Armor
91:27 Plate Mail Armor
BobyLaTeub40
2:00 Loom
12:46 Feudal Age
13:07 Fishing Lines
18:04 Scale Mail Armor
20:15 Castle Age
18:47 Forging
18:32 Horse Collar
19:03 Double-Bit Axe
20:14 Wheelbarrow
19:57 Gold Mining
22:09 Iron Casting
22:48 Heavy Plow
23:46 Chain Mail Armor
26:45 Squires
26:54 Arson
33:09 Imperial Age
33:14 Elite Gbeto
39:54 Chemistry
40:09 Onager
56:02 Light Cavalry
61:32 Hand Cart
61:03 Town Watch
62:00 Conscription
74:31 Scale Barding Armor
74:56 Plate Mail Armor
76:14 Heavy Camel Rider
78:40 Chain Barding Armor
79:54 Gold Shaft Mining
79:58 Bloodlines
79:49 Husbandry
85:43 Farimba
jordan72450
11:02 Feudal Age
19:33 Castle Age
18:51 Padded Archer Armor
18:42 Fletching
19:44 Wheelbarrow
19:25 Double-Bit Axe
21:47 Leather Archer Armor
21:28 Bodkin Arrow
23:31 Bow Saw
23:45 Ballistics
24:12 Horse Collar
24:25 Gold Mining
26:05 Heavy Plow
26:51 Crossbowman
32:54 Imperial Age
30:29 Pikeman
32:55 Capped Ram
32:58 Arbalester
35:50 Ring Archer Armor
35:20 Bracer
35:20 Heated Shot
35:58 Hand Cart
41:17 Warwolf
44:56 Halberdier
46:54 Yeomen
46:56 Scale Mail Armor
47:07 Forging
46:59 Bracer
46:47 Town Watch
49:22 Gold Shaft Mining
50:10 Chain Mail Armor
50:31 Iron Casting
69:23 Man-at-Arms
69:48 Gambesons
71:42 Chemistry
84:50 Long Swordsman
88:05 Demolition Ship
88:20 Two-Handed Swordsman
90:21 Plate Mail Armor
90:52 Blast Furnace
93:19 Champion
Connection lost

Rejoining the realm…

Still unreachable

The connection could not be restored.

Session expired

The server has moved on; the page needs a fresh start.